AoeStats
← JAGR | DesNoguns

Arabian Desert

510430226Analyzed
1v1 RM · 20h ago on Oct 1, 2026· 42m 32s· 2 players
Game mode
Random Map
Map size
Tiny (2 player)
Population
200
Speed
Normal
Resources
Standard
Victory
Conquest
Starting age
Dark Age
Ending age
Imperial Age
RankedLock teamsTeams togetherTeam positionsShared explorationLock speedFull tech treeHidden civsTurbo modeCheats
Victory
Defeat
🇨🇴 Byzantines · Colombia
1481
+18
🇧🇷 Mongols · Brazil
1527
-18
JAGR | DesNoguns
6:25 Loom
8:52 Feudal Age
9:24 Double-Bit Axe
9:20 Horse Collar
16:54 Fletching
22:54 Castle Age
21:32 Scale Barding Armor
23:58 Chain Barding Armor
23:39 Bodkin Arrow
33:06 Elite Skirmisher
35:14 Husbandry
38:31 Ballistics
38:16 Padded Archer Armor
42:18 Imperial Age
40:37 Wheelbarrow
40:07 Gold Mining
40:07 Stone Mining
41:37 Leather Archer Armor
41:49 Thumb Ring
42:21 Crossbowman
43:04 Bracer
44:06 Chemistry
GAX | Salomão
5:52 Loom
8:22 Feudal Age
8:57 Double-Bit Axe
8:40 Man-at-Arms
21:59 Castle Age
20:51 Scale Barding Armor
21:46 Gold Mining
22:31 Bloodlines
23:27 Husbandry
24:32 Forging
32:36 Chain Barding Armor
32:55 Iron Casting
35:13 Fletching
35:57 Bow Saw
36:42 Fervor
36:40 Thumb Ring
38:13 Stone Mining
39:25 Wheelbarrow
39:18 Town Watch
42:43 Imperial Age
39:47 Elite Skirmisher
40:48 Padded Archer Armor
42:28 Caravan
Connection lost

Rejoining the realm…

Still unreachable

The connection could not be restored.

Session expired

The server has moved on; the page needs a fresh start.